 BcadrenCrawl: Boulder Brew version 0.03.2.1-32-g00f802a9a0 (webtiles) character file.

Game seed: 13293550175333255897, levelgen mode: deterministic

3236337 esc the Centaur Arbalest (level 27, 247/247 HPs) Centaur Noble. Began on Jan 20, 2021. Was an Initiate of Gozag Ym Sagoz. Escaped with the Orb ... and 4 runes! The game lasted 03:24:20 (44060 turns).

esc the Centaur Arbalest (Centaur Noble)           Turns: 44060, Time: 03:24:20

Health: 247/247    AC: 46    Str: 16    XL:     27
Magic:  23/23      EV: 21    Int: 13    God:    Gozag Ym Sagoz
Gold:   21686      SH:  0    Dex: 28    Spells: 28/28 levels left

rFire    + . .     Vision   .   a - +9 triple crossbow (molten)
rCold    + + +     Gourm    .   (also wielding the above weapon)
rNeg     + + +     Faith    .   T - +9 ice dragon scales "Soz Rokh" {rF- rC++ rN+ MR+ Dex+3}
rPois    +         Spirit   .   V - +2 helmet "Tygaam" {rPois Str+2 Dex+2 Stlth+}
rElec    .         Reflect  .   M - +2 cloak of Yklennon {Regen+ +Vis}
rCorr    +         Harm     .   c - +2 pair of clawed gauntlets (acid)
MR       ++++.     Rnd*Tele +   F - +10 Black Knight's horse barding {ponderous, rPois rN+}
Stlth    +.........             K - macabre finger necklace {rN+}
HPRegen  1.32/turn              y - ring "Toeggyil" {rF+ rC+ MR+, (Curse: *Drain)} (curse)
MPRegen  0.33/turn              A - ring of evasion
                                x - ring "Viugi" {rF+ rC+ rN+ rCorr Int+4}

@: quick
A: large, hooves 3, rugged brown scales 1, impaired vision, cold resistance 1,
deformed body, deterioration 1, speed 2, frail 1, low mp 1, mutation resistance
1, teleportitis 1, tough skin 3, weak 1, subdued magic 1
0: Orb of Zot
}: 4/15 runes: decaying, silver, gossamer, cracked
a: Potion Petition, Call Merchant, Bribe Branch, Renounce Religion


You escaped.
You worshipped Gozag Ym Sagoz.
Gozag Ym Sagoz was extremely pleased with you.
You were not hungry.

You visited 9 branches of the dungeon, and saw 43 of its levels.
You also visited: Market.

You collected 37094 gold pieces.
You spent 8938 gold pieces at shops.
You paid 7470 gold pieces to Gozag.

Inventory:

Weapons
 a - a +9 triple crossbow of molten steel (weapon)
Armour
 c - a +2 pair of clawed gauntlets of caustic ooze (worn)
 B - a +2 helmet of improved vision
 F - the +10 Black Knight's horse barding (worn) {ponderous, rPois rN+}
   (You bought it in a shop on level 6 of the Dungeon)

   It protects you from poison.
   It protects you from negative energy.
 M - the +2 cloak of Yklennon (worn) {Regen+ +Vis}
   (You bought it in a shop on level 1 of the Vaults)

   It improves your vision.
   It increases your rate of regeneration.
 T - the +9 ice dragon scales "Soz Rokh" (worn) {rF- rC++ rN+ MR+ Dex+3}
   (You bought it in a shop on level 1 of the Depths)

   It affects your dexterity (+3).
   It makes you vulnerable to fire.
   It greatly protects you from cold.
   It protects you from negative energy.
   It affects your resistance to hostile enchantments.
 V - the +2 helmet "Tygaam" (worn) {rPois Str+2 Dex+2 Stlth+}
   (You found it on level 5 of the Depths)

   It affects your strength (+2).
   It affects your dexterity (+2).
   It protects you from poison.
   It makes you more stealthy.
Jewellery
 x - the ring "Viugi" (on amulet) {rF+ rC+ rN+ rCorr Int+4}
   (You bought it in a shop on level 1 of the Depths)

   [ring of resist corrosion]

   It affects your intelligence (+4).
   It protects you from fire.
   It protects you from cold.
   It protects you from negative energy.
   It provides partial protection from all sources of acid and corrosion.
 y - the cursed ring "Toeggyil" (left claw) {rF+ rC+ MR+, (Curse: *Drain)}
   (You bought it in a shop on level 3 of the Dungeon)

   [ring of protection from magic]

   It protects you from fire.
   It protects you from cold.
   It affects your resistance to hostile enchantments.
   It has a curse placed upon it.
   { (Curse: *Drain)}
 A - a ring of evasion (right claw)
 G - an uncursed amulet of the acrobat
 K - the macabre finger necklace (around neck) {rN+}
   (You bought it in a shop on level 3 of the Dungeon)

   [amulet of nothing]

   It protects you from negative energy.
Wands
 e - a wand of hasting (19)
 h - a wand of ensnaring (43)
 s - a wand of clouds (18)
 u - a wand of scattershot (27)
 v - a wand of random effects (193)
 w - a wand of iceblast (40)
 C - a wand of enslavement (44)
 D - a wand of polymorph (54)
 E - a wand of disintegration (52)
 J - a wand of acid (50)
 O - a wand of healing (7)
 P - a wand of flame (44)
Scrolls
 f - 4 scrolls of holy word
 j - 5 scrolls of summoning
 k - 4 scrolls of bless item
 m - 36 scrolls of teleportation
 n - 6 scrolls of blinking
 o - 9 scrolls of fog
 q - 18 scrolls of fear
 H - 4 scrolls of magic mapping
 Q - 2 scrolls of silence
 S - 7 scrolls of enchantment
Potions
 d - 3 potions of berserk rage
 g - 22 potions of curing
 i - 7 potions of haste
 l - 5 potions of resistance
 p - 18 potions of heal wounds
 r - 14 potions of might
 t - 8 potions of agility
 z - 5 potions of ambrosia
 L - 3 potions of magic
 N - 9 potions of cancellation
 R - 2 potions of invisibility
Comestibles
 b - 72 rations


   Skills:
 + Level 25.1 Fighting
 O Level 27 Crossbows
 + Level 12.8 Armour
 + Level 20.4 Dodging
 - Level 0.4 Stealth
 + Level 18.3 Unarmed Combat
 - Level 1.0 Spellcasting
 - Level 4.0 Evocations


You had 28 spell levels left.
You didn't know any spells.
Your spell library contained the following spells:

 Spells                   Type           Power        Failure   Level  Hunger
 Beastly Appendage        Tmut           0 (50)       41%         1    ##.....
 Confusing Touch          Hex            0 (50)       41%         1    ##.....
 Flame Tongue             Fire           0 (30)       41%         1    ##.....
 Foxfire                  Fire           0 (25)       41%         1    ##.....
 Freeze                   Ice            0 (25)       41%         1    ##.....
 Magic Candle             Hex/Fire       0 (90)       41%         1    ##.....
 Sandblast                Erth           0 (50)       41%         1    ##.....
 Shock                    Air            0 (25)       41%         1    ##.....
 Summon Butterflies       Summ           0 (100)      41%         1    ##.....
 Summon Small Mammal      Summ           0 (25)       41%         1    ##.....
 Blink                    Tloc           N/A          54%         2    ###....
 Call Imp                 Summ           0 (100)      54%         2    ###....
 Corpse Rot               Tmut/Necr      N/A          54%         2    ###....
 Ensorcelled Hibernation  Hex/Ice        0 (50)       54%         2    ###....
 Passwall                 Tmut/Erth      0 (120)      54%         2    ###....
 Searing Ray              Fire           0 (50)       54%         2    ###....
 Slow                     Hex            0 (100)      54%         2    ###....
 Sticks to Snakes         Tmut           0 (100)      54%         2    ###....
 Sublimation of Blood     Necr           0 (200)      54%         2    ###....
 Swiftness                Chrm/Air       0 (100)      54%         2    ###....
 Throw Frost              Ice            0 (50)       54%         2    ###....
 Apportation              Tloc           0 (50)       80%         3    ####...
 Blinding Spray           Hex/Pois       0 (50)       80%         3    ####...
 Confuse                  Hex            0 (100)      80%         3    ####...
 Conjure Flame            Fire           0 (100)      80%         3    ####...
 Ignite Poison            Fire/Tmut      0 (100)      80%         3    ####...
 Inner Flame              Hex/Fire       0 (100)      80%         3    ####...
 Mephitic Cloud           Pois/Air       0 (100)      80%         3    ####...
 Ozocubu's Armour         Chrm/Ice       0 (100)      80%         3    ####...
 Scorpion Form            Tmut/Pois      0 (200)      80%         3    ####...
 Snakes to Sticks         Hex/Tmut       0 (100)      80%         3    ####...
 Static Discharge         Air            0 (100)      80%         3    ####...
 Stone Arrow              Erth           0 (50)       80%         3    ####...
 Tukima's Dance           Hex            0 (100)      80%         3    ####...
 Airstrike                Air            0 (200)      99%         4    #####..
 Fulminant Prism          Hex            0 (200)      99%         4    #####..
 Hailstorm                Ice            0 (100)      99%         4    #####..
 Ice Form                 Ice/Tmut       0 (100)      99%         4    #####..
 Leda's Liquefaction      Tmut/Erth      0 (200)      99%         4    #####..
 Petrify                  Tmut/Erth      0 (100)      99%         4    #####..
 Sticky Flame             Fire/Pois      0 (100)      99%         4    #####..
 Summon Ice Beast         Ice/Summ       0 (100)      99%         4    #####..
 Throw Icicle             Ice            0 (100)      99%         4    #####..
 Blade Hands              Tmut           0 (200)      100%        5    ######.
 Bolt of Draining         Necr           0 (200)      100%        5    ######.
 Bolt of Magma            Fire/Erth      0 (200)      100%        5    ######.
 Excruciating Wounds      Chrm/Necr      0 (200)      100%        5    ######.
 Fireball                 Fire           0 (200)      100%        5    ######.
 Irradiate                Tmut/Pois      0 (200)      100%        5    ######.
 Lee's Rapid Deconstruct  Erth           0 (200)      100%        5    ######.
 Lightning Bolt           Air            0 (200)      100%        5    ######.
 Methodical Deconstructi  Erth           0 (200)      100%        5    ######.
 Silence                  Hex/Air        0 (200)      100%        5    ######.
 Summon Lightning Spire   Summ/Air       0 (100)      100%        5    ######.
 Agony                    Necr           0 (180)      100%        6    #######
 Bolt of Fire             Fire           0 (200)      100%        6    #######
 Cigotuvi's Degeneration  Tmut/Necr      0 (200)      100%        6    #######
 Conjure Ball Lightning   Air            0 (200)      100%        6    #######
 Deflect Missiles         Chrm/Air       0 (200)      100%        6    #######
 Invisibility             Chrm           0 (100)      100%        6    #######
 Iron Shot                Erth           0 (200)      100%        6    #######
 Ring of Flames           Chrm/Fire      0 (200)      100%        6    #######
 Starburst                Fire           0 (200)      100%        6    #######
 Statue Form              Tmut/Erth      0 (150)      100%        6    #######
 Tunneling                Erth           0 (200)      100%        6    #######
 Dragon Form              Tmut           0 (200)      100%        7    #######
 Infestation              Tmut/Pois      0 (200)      100%        7    #######
 Ignition                 Fire           0 (200)      100%        8    #######
 Shatter                  Erth           0 (200)      100%        9    #######
 Tornado                  Air            0 (200)      100%        9    #######


Dungeon Overview and Level Annotations

Branches:
Dungeon (8/8)              Temple (1/1) D:4            Lair (6/6) D:5
  Swamp (4/4) Lair:2       Spider (4/4) Lair:2        Slime (5/5) Lair:6
    Orc (0/2) D:6          Vaults (5/5) D:7           Crypt (0/3) Vaults:2
 Depths (5/5) D:8             Zot (5/5) Depths:5

Altars:
Ashenzari
Cheibriados
Dithmenos
Elyvilon
Fedhas Madash
Gozag Ym Sagoz
Hepliaklqana
Kikubaaqudgha
Makhleb
Nemelex Xobeh
Okawaru
Qazlal
Ru
Sif Muna
Trog
Uskayaw
Vehumet
Wu Jian
Xom
Yredelemnul
Zin
The Shining One Bahamut & Tiamat
Beogh
Jiyva
Lugonu

Shops:
D:3 =   D:5 (}(*?   D:6 [   Vaults:1 [   Vaults:2 ?   Vaults:4 %*
Depths:1 =*(**   Depths:2 *}=[}(

Portals:
Hell: Depths:1 Depths:2 Depths:3 Depths:4 Depths:5
Abyss: Depths:3 Depths:4
Pandemonium: Depths:3 Depths:5
Ziggurat: Depths:4
Trove: Vaults:3 (give +6 demon blade)

Annotations:
Lair:5 2 transporters, Qeimiotua's ghost, journeyman MiFi
Depths:2 2 runed translucent doors
Depths:4 exclusions: daeva and 8 more exclusions


Innate Abilities, Weirdness & Mutations

You have hooves in place of feet.
Armour fits poorly on your strangely shaped body.
You cover ground very quickly.
You have extremely tough skin. (AC +3)
You are partially covered in rugged brown scales. (AC +1, +3% HP)
Your poor vision makes scrolls take longer to read and aiming more difficult.
You are cold resistant. (rC+)
Your body sometimes deteriorates upon taking damage.
You are frail. (-10% HP)
Your magical capacity is low. (-10% MP)
You are somewhat resistant to further mutation.
You are occasionally teleported next to monsters.
You are weak. (Str -2)
Your spells are a little easier to cast, but a little less powerful.


Message History

There is a stone staircase leading down here.
There is a stone staircase leading up here.
You climb upwards.
There is a stone staircase leading down here.
The giant blowfly buzzes angrily.
There is a stone staircase leading up here.
You climb upwards.
There is a stone staircase leading down here.
There is a strange disturbance nearby!
Aiming:
a - a +9 triple crossbow of molten steel, Range: 3 (75%)
Press: ? - help, Shift-Dir - straight line You shoot a triplet of bolts.
You feel a bit more experienced.
There is an open door here.
You see here a +0 heater shield.
There is an escape hatch in the floor here.
You open the door.
There is an open door here.
There is a staircase leading out of the dungeon here.
Okay, then.
You have escaped!

##.#### #.#####
#.....# ......# #.#
#.##### #...#.# #.#
#.# ....#.# #.#
#.#### ......# #.#
#..>.# #..######.#
######## ####.#
#.........# #......#
#.# ##.########
#.#'#..# #####.# #.#
#.#@#..# #.....#
##.# #.#'#..#
#.##### ...#
#......# #.# ...#
######.#####.#######
...# #.......)......
...# ###############
...# .#.# ...#


There were no monsters in sight!

Vanquished Creatures
  2 ancient liches (Zot:5)
  Mennas (Depths:3)
  9 orbs of fire
  10 Killer Klowns
  Frederick (Depths:3)
  17 golden dragons
  Saint Roka (Vaults:2)
  Arachne (Spider:3)
  3 curse toes
  Nikola (Swamp:3)
  The ghost of t4s4d4r the Gelid, an adept DrNo of Bahamut & Tiamat (Vaults:3)
  3 electric golems
  A Hell Sentinel (Zot:5)
  4 liches
  8 caustic shrikes
  6 quicksilver dragons
  7 titans
  8 juggernauts
  A pandemonium lord (Zot:1)
  11 shadow dragons
  Frances (Spider:2)
  40 acid blobs
  13 storm dragons
  4 sphinxes
  the Royal Jelly (4 times) (Slime:5)
  Circe (D:8)
  4 tengu reavers
  Donald (Vaults:1)
  3 draconian knights
  3 plutonium crabs
  A thorn hunter (Swamp:1)
  7 draconian monks
  A cacodemon (Depths:3)
  2 war gargoyles (Vaults:5)
  9 vault wardens
  14 frost giants
  14 fire giants
  3 iron dragons
  Louise (Spider:3)
  2 orc warlords (Vaults:3)
  2 platinum draconians
  7 draconian sharpshooters
  A magenta draconian (Zot:3)
  5 deep elf sorcerers
  5 ghost moths (Spider:4)
  2 draconian shifters
  22 ironheart preservers
  4 draconian stormcallers
  5 draconian annihilators
  10 draconian scorchers
  30 Orb Guardians
  10 death cobs
  5 blood draconians
  A deep elf elementalist (Depths:5)
  3 blue draconians
  4 pearl draconians (Zot:2)
  6 golden draconians
  A reaper (D:8)
  5 entropy weavers
  3 cyan draconians
  An olive draconian (Zot:5)
  3 silver draconians
  4 white draconians
  6 green draconians
  2 teal draconians (Zot:4)
  2 pink draconians
  3 scintillating draconians
  6 red draconians
  3 vampire knights
  4 black draconians
  4 lime draconians
  7 bone draconians
  3 deep elf annihilators
  13 tentacled monstrosities
  7 deep elf demonologists
  5 purple draconians
  13 fire dragons
  A ghoul (Vaults:2)
  6 spark wasps
  5 gibbering mounds
  A spark wasp (shapeshifter) (D:8)
  24 azure jellies
  A chaos butterfly (Lair:2)
  The ghost of Kubamp the Thaumaturge, a journeyman DEAE of Sif Muna (Lair:3)
  An ice dragon (shapeshifter) (Vaults:4)
  2 emperor scorpions (Spider:4)
  3 deep elf death magi
  11 ice dragons
  A crystal guardian (Vaults:3)
  Nessos (D:8)
  Harold (D:5)
  11 rakshasas
  5 spriggan air magi
  17 ogre magi
  7 death knights
  A jiangshi (Vaults:2)
  5 verdant moulds
  12 deep troll shamans
  A sphinx moth (shapeshifter) (Depths:3)
  14 very ugly things
  9 boulder beetles
  4 sphinx moths
  A hell beast (Depths:2)
  10 deep troll earth magi
  25 great orbs of eyes
  A great orb of eyes (shapeshifter) (Vaults:5)
  4 ghost crabs
  19 stone giants
  A vampire mage (Depths:2)
  A dire elephant (Lair:2)
  4 spriggan berserkers
  24 alligators
  24 death oozes
  12 ettins
  A hell knight (Depths:3)
  The ghost of Nebesus the Fighter, a journeyman DrDs of Bahamut & Tiamat (Lair:2)
  7 deep elf knights
  25 yaktaur captains
  2 swooping magpies (shapeshifter)
  2 swooping magpies
  2 orc high priests (Vaults:3)
  5 spriggan defenders
  Sonja (D:7)
  A shadow demon (D:1)
  32 vault guards
  Nergalle (D:5)
  3 unseen horrors
  43 two-headed ogres
  2 salamander mystics (Depths:4)
  3 tengu warriors
  24 hydras
  11 swamp dragons
  6 deep elf archers
  2 fire crabs (shapeshifter)
  4 spriggan druids
  31 balloon dogs
  23 orc knights
  6 phantasmal warriors
  5 glowing orange brains
  11 ironbrand convokers
  6 harpies
  4 shambling mangroves
  2 flayed ghosts (Depths:4)
  6 skeletal warriors
  12 centaur warriors
  An obsidian statue (Zot:5)
  Pikel (D:5)
  A sun demon (Depths:5)
  A sixfirhy (Depths:3)
  A deep troll (shapeshifter) (Depths:5)
  22 deep elf magi
  5 necromancers
  30 deep trolls
  2 guardian serpents (Depths:2)
  9 wizards
  11 orb spiders
  2 shining eyes (shapeshifter)
  2 torpor snails (Lair:6)
  A guardian serpent (shapeshifter) (Depths:4)
  A queen ant (Spider:1)
  A faun (Lair:4)
  An oklob plant (Lair:1)
  A gelid demonspawn (Depths:3)
  10 shining eyes
  9 giraffes (Lair:3)
  2 orc sorcerers
  A rock worm (shapeshifter) (Depths:1)
  2 rust devils
  6 death yaks
  4 salamanders (Depths:4)
  A manticore (D:6)
  17 moths of wrath
  2 gargoyles
  8 iron trolls
  4 eyes of devastation
  19 vault sentinels
  28 ugly things
  A black mamba (Lair:3)
  A troll (shapeshifter) (Depths:3)
  16 spiny frogs
  Maggie (Lair:2)
  A spiny frog (shapeshifter) (D:8)
  2 ice devils
  5 trolls
  7 freezing wraiths
  3 kobold demonologists
  A meliai (shapeshifter) (Vaults:1)
  A wolf spider (shapeshifter) (Vaults:5)
  25 elephants
  21 wolf spiders
  67 yaktaurs
  A rime drake (Lair:5)
  2 ectoplasmic emanations (Slime:5)
  6 bog bodies
  An orange demon (Depths:3)
  13 tyrant leeches
  2 tengu zombies
  A meliai (D:8)
  An iron dragon skeleton (Depths:4)
  A golden dragon skeleton (Depths:4)
  9 komodo dragons
  A tengu skeleton (Depths:2)
  A red devil (Depths:2)
  5 tengu conjurers
  11 polar bears
  6 demonic crawlers
  24 hornets
  A fire giant zombie (Vaults:3)
  4 dream sheep (Lair:5)
  24 jumping spiders
  2 raiju (Lair:6)
  17 blink frogs
  A wraith (Vaults:2)
  2 vampires
  31 remnants of a dead god
  3 hippogriffs
  2 hippogriffs (shapeshifter)
  A yaktaur skeleton (Vaults:3)
  10 spriggans
  Sigmund (D:2)
  4 hogs (D:8)
  6 cyclopes
  Menkaure (D:2)
  A cyclops (shapeshifter) (Vaults:4)
  2 shadows
  2 wyverns
  A fire elemental (Lair:2)
  A yak (shapeshifter) (Vaults:4)
  A human simulacrum (Vaults:3)
  3 acid dragons
  21 golden eyes
  19 yaks
  A redback (shapeshifter) (Depths:5)
  22 tarantellas
  2 elf simulacra (Depths:4)
  3 basilisks
  18 vampire mosquitoes
  2 tarantellas (shapeshifter)
  189 slime creatures
  60 redbacks
  4 guardian mummies
  34 swamp worms
  25 soldier ants (Spider:1)
  15 insubstantial wisps
  14 wargs
  Purgy (D:2)
  30 orc warriors
  2 phantoms (D:4)
  13 water moccasins
  A necrophage (D:5)
  10 porcupines
  13 hell hounds (Lair:6)
  An ice beast (shapeshifter) (Depths:5)
  8 scorpions
  2 black bears (shapeshifter)
  4 floating eyes
  8 swamp drakes (Swamp:4)
  A sky beast (shapeshifter) (Vaults:2)
  6 sky beasts
  12 black bears
  4 ice beasts
  9 eyes of draining
  3 elephant zombies (Lair:5)
  An eye of draining (shapeshifter) (Depths:5)
  41 ogres
  72 wolves
  17 boggarts
  21 crocodiles
  5 big kobolds
  28 bullfrogs
  2 meliai zombies
  3 centaurs (D:6)
  2 harpy skeletons (D:7)
  A wight (D:6)
  4 killer bees (D:5)
  2 quasits
  3 hornet zombies (D:6)
  29 electric eels
  A lava snake (Lair:2)
  3 crimson imps
  7 orc priests
  10 hounds
  12 jellies
  4 mummies
  2 hell rats (Lair:6)
  4 iguanas
  2 crocodile zombies (Lair:5)
  A water moccasin zombie (D:6)
  22 worker ants
  3 wyvern zombies (D:6)
  7 orc wizards
  4 wyvern skeletons
  8 giant cockroaches
  An iron imp (Depths:3)
  9 bullfrog zombies (D:6)
  10 bullfrog skeletons
  10 adders
  60 sewer rats
  4 white imps
  8 cinder newts
  5 worms (D:2)
  2 ufetubi (Depths:3)
  A worker ant zombie (D:5)
  A hound skeleton (D:5)
  3 oozes
  A howler monkey skeleton (D:3)
  A dart slug (D:1)
  9 leopard geckos
  73 orcs
  5 adder skeletons
  2 adder zombies (D:5)
  4 ball pythons
  6 bats
  2 cinder newt skeletons (D:2)
  3 goblins (D:1)
  4 hobgoblins (D:1)
  17 kobolds
  3 quokkas
  2 bat skeletons (D:2)
  2 leopard gecko skeletons
  A quokka skeleton (D:3)
  7 rats
  A butterfly (D:6)
  9 fungi
  3 giant blowflies (D:2)
  25 pillars of salt
  11 plants
  6 princess slimes (Slime:5)
  5 rainbow trout
  2 slaves (D:5)
  A slimehead (D:2)
  12 withered plants (D:2)
2769 creatures vanquished.

Vanquished Creatures (others)
  An ironheart preserver (Vaults:1)
  A balloon dog (Zot:5)
  A water moccasin (Lair:6)
  A porcupine (Lair:3)
  A crocodile (Lair:3)
  A leopard gecko (D:2)
  An orc (D:5)
  A ball python (D:2)
  A bat (D:2)
  3 kobolds (D:2)
  A bush (Lair:6)
  43 fungi
  55 pillars of salt
  45 plants
  16 rainbow trout
  153 withered plants (D:2)
325 creatures vanquished.

Grand Total: 3094 creatures vanquished

Notes
Turn   | Place    | Note
-------+----------+-------------------------------------------
     0 | Start Ma | esc the Centaur Noble began the quest for the Orb.
     0 | Start Ma | Reached XP level 1. HP: 16/16 MP: 2/2
     0 | Start Ma | Found Watwiffy's Mashing MeleeMart.
     0 | Start Ma | Found Taob's Auxillary Armour.
    16 | Start Ma | Found Geejaa's Expert Tomes.
   117 | Start Ma | Bought a +0 pair of clawed gauntlets for 180 gold pieces
   128 | Start Ma | Bought a +0 triple crossbow for 400 gold pieces
   130 | Start Ma | Bought +0 steam dragon scales for 400 gold pieces
   148 | D:1      | esc set off with the following items: a +0 robe, a ration,
                  | a +0 pair of clawed gauntlets, a +0 triple crossbow, +0
                  | steam dragon scales
   156 | D:1      | Reached XP level 2. HP: 23/23 MP: 3/3
   172 | D:1      | Reached skill level 1 in Crossbows
   224 | D:1      | Reached skill level 1 in Unarmed Combat
   294 | D:1      | Reached XP level 3. HP: 26/28 MP: 4/4
   363 | D:1      | Reached skill level 1 in Dodging
   781 | D:1      | Reached XP level 4. HP: 29/36 MP: 5/5
   785 | D:1      | Reached skill level 2 in Crossbows
   911 | D:2      | Reached XP level 5. HP: 39/42 MP: 6/6
   943 | D:2      | Reached skill level 3 in Crossbows
   948 | D:2      | Noticed Menkaure
   949 | D:2      | Reached XP level 6. HP: 14/51 MP: 7/7
  1208 | D:2      | Reached XP level 7. HP: 58/58 MP: 8/8
  1232 | D:2      | Reached skill level 4 in Crossbows
  1364 | D:2      | Killed Menkaure
  1408 | D:2      | Noticed Sigmund
  1416 | D:2      | Reached XP level 8. HP: 52/67 MP: 9/9
  1426 | D:2      | Killed Sigmund
  1427 | D:2      | Reached skill level 5 in Crossbows
  1461 | D:2      | Noticed Purgy
  1463 | D:2      | Killed Purgy
  1507 | D:2      | Reached skill level 5 in Fighting
  1881 | D:2      | Reached skill level 5 in Unarmed Combat
  2089 | D:2      | Reached skill level 1 in Armour
  2627 | D:3      | Found a stormy altar of Qazlal.
  2627 | D:3      | Found a shadowy altar of Dithmenos.
  2633 | D:3      | Found a sparkling altar of Nemelex Xobeh.
  2638 | D:3      | Found a blossoming altar of Fedhas.
  2640 | D:3      | Found a basalt altar of Yredelemnul.
  2683 | D:3      | Found Nawnuur's Jewellery Shop.
  2862 | D:3      | Reached skill level 6 in Crossbows
  3140 | D:3      | Reached XP level 9. HP: 47/75 MP: 10/10
  3401 | D:4      | Found a staircase to the Ecumenical Temple.
  3428 | Temple   | Entered the Ecumenical Temple
  3555 | Temple   | Became a worshipper of Gozag Ym Sagoz the Greedy
  3743 | D:4      | Reached skill level 9 in Crossbows
  3743 | D:4      | Reached XP level 10. HP: 90/90 MP: 11/11
  3744 | D:4      | Reached skill level 10 in Crossbows
  3744 | D:4      | Reached XP level 11. HP: 97/97 MP: 12/12
  4229 | D:5      | Entered Level 5 of the Dungeon
  4331 | D:5      | Noticed a boulder beetle
  4334 | D:5      | Killed a boulder beetle
  4349 | D:5      | Reached skill level 10 in Fighting
  4372 | D:5      | Found a staircase to the Lair.
  4386 | D:5      | Noticed Nergalle
  4387 | D:5      | Killed Nergalle
  4387 | D:5      | Reached skill level 10 in Unarmed Combat
  4509 | D:5      | Noticed Harold
  4512 | D:5      | Killed Harold
  4512 | D:5      | Reached XP level 12. HP: 87/106 MP: 13/13
  4515 | D:5      | Found Egos's Assorted Antiques.
  4536 | D:5      | Found Symiss's Gadget Shop.
  4587 | D:5      | Noticed Pikel
  4588 | D:5      | Killed Pikel
  4588 | D:5      | Reached skill level 11 in Crossbows
  4594 | D:5      | Found Xaerhuh Tiost's Weapon Shoppe.
  4644 | D:5      | Found Hasus's Magic Scroll Shoppe.
  4688 | D:5      | Found a runed translucent door.
  4881 | D:5      | Found Xaniepp's Antique Weapon Shop.
  5093 | D:3      | Bought the cursed ring "Toeggyil" {rF+ rC+ MR+, (Curse:
                  | *Drain)} for 430 gold pieces
  5166 | Lair:1   | Entered Level 1 of the Lair of Beasts
  5189 | Lair:1   | Found a shimmering blue altar of Sif Muna.
  5924 | Lair:2   | Found a runed translucent door.
  5925 | Lair:2   | Noticed Nebesus's ghost (journeyman DrDs)
  5978 | Lair:2   | Found a staircase to the Swamp.
  6024 | Lair:2   | Noticed Maggie
  6026 | Lair:2   | Killed Maggie
  6148 | Lair:2   | Noticed a chaos butterfly
  6150 | Lair:2   | Killed a chaos butterfly
  6212 | Lair:2   | Reached XP level 13. HP: 116/116 MP: 14/14
  6222 | Lair:2   | Reached skill level 12 in Crossbows
  6388 | Lair:2   | Found a hole to the Spider Nest.
  6545 | Lair:2   | Killed Nebesus's ghost
  6918 | Lair:3   | Found a transporter.
  6918 | Lair:3   | Found a transporter.
  6918 | Lair:3   | Noticed Kubamp's ghost (journeyman DEAE)
  7670 | Lair:3   | Killed Kubamp's ghost
  7935 | Lair:4   | Reached skill level 13 in Crossbows
  8001 | Lair:4   | Reached XP level 14. HP: 126/126 MP: 15/15
  8678 | Lair:5   | Identified the cursed +7 long sword of Leguorr {venom,
                  | Str+4, (Curse: *Noise MR-)}
  8901 | Lair:5   | Found a transporter.
  8905 | Lair:5   | Identified the +6 rapier "Asuyh Qioch" {holy, rElec rC+
                  | Dex-2}
  8906 | Lair:5   | Found a bloodstained altar of Trog.
  8908 | Lair:5   | Noticed Qeimiotua's ghost (journeyman MiFi)
  8909 | Lair:5   | Found a transporter.
  9441 | Lair:6   | Entered Level 6 of the Lair of Beasts
  9458 | Lair:6   | Reached skill level 10 in Dodging
  9734 | Lair:6   | Found a viscous altar of Jiyva.
  9734 | Lair:6   | Found a staircase to the Slime Pits.
 10029 | Lair:6   | Reached skill level 14 in Crossbows
 11107 | D:6      | Reached XP level 15. HP: 136/136 MP: 16/16
 11261 | D:6      | Found a roughly hewn altar of Beogh.
 11261 | D:6      | Found a staircase to the Orcish Mines.
 11367 | D:6      | Found Cheibriados's Comfort Zone.
 11371 | D:6      | Found a snail-covered altar of Cheibriados.
 11375 | D:6      | Bought the +10 Black Knight's horse barding {ponderous,
                  | rPois rN+} for 634 gold pieces
 11375 | D:6      | Found the +10 Black Knight's horse barding {ponderous,
                  | rPois rN+}
 11759 | D:7      | Noticed Sonja
 11760 | D:7      | Killed Sonja
 11997 | D:7      | Identified a scroll of acquirement
 12042 | D:7      | Identified the +3 scale mail of Conscience {rF+ rC+ Int-2
                  | Dex+3}
 12372 | D:7      | Identified the cursed ring "Lysen" {Wiz rC+ Str-2 Dex+3
                  | Slay+5, (Curse: Fragile)}
 12448 | D:7      | Found a gate to the Vaults.
 12461 | D:7      | Reached skill level 15 in Crossbows
 12726 | Spider:1 | Entered Level 1 of the Spider Nest
 13305 | Spider:1 | Identified the cursed +3 chain mail of the Voivode {Int+3
                  | +Vis, (Curse: *Corrode rC-)}
 13596 | Spider:2 | Reached skill level 5 in Armour
 13855 | Spider:2 | Noticed Frances
 13865 | Spider:2 | Gained mutation: You are frail. (-10% HP) [a neqoxec]
 13867 | Spider:2 | Killed Frances
 13954 | Lair:3   | Gained mutation: Your poor vision makes scrolls take longer
                  | to read and aiming more difficult. [potion of mutation]
 14126 | Spider:3 | Noticed Louise
 14128 | Spider:3 | Killed Louise
 14437 | Spider:3 | Reached XP level 16. HP: 132/132 MP: 17/17
 14588 | Spider:3 | Identified the cursed ring "Moce" {Wiz Str+3, (Curse:
                  | Fragile)}
 14588 | Spider:3 | Noticed Arachne
 14590 | Spider:3 | Killed Arachne
 14740 | Spider:4 | Entered Level 4 of the Spider Nest
 14773 | Spider:4 | Reached skill level 16 in Crossbows
 14923 | Spider:4 | Reached skill level 15 in Fighting
 15672 | Spider:4 | Got a gossamer rune of Zot
 15865 | Swamp:1  | Entered Level 1 of the Swamp
 16583 | Swamp:2  | Reached XP level 17. HP: 142/142 MP: 18/18
 16583 | Swamp:2  | Reached skill level 17 in Crossbows
 17785 | Swamp:3  | Noticed Nikola
 17787 | Swamp:3  | Killed Nikola
 17929 | Swamp:4  | Entered Level 4 of the Swamp
 18029 | Swamp:4  | Identified the +4 dagger "Ledemn" {pierce, rF+ rN+ Str+3}
 18326 | Swamp:4  | Reached skill level 18 in Crossbows
 18562 | Swamp:4  | Got a decaying rune of Zot
 18618 | Swamp:4  | Reached XP level 18. HP: 151/151 MP: 19/19
 18978 | Vaults:1 | Entered Level 1 of the Vaults
 18994 | Vaults:1 | Found Jumpaos's Armour Shoppe.
 19006 | Vaults:1 | Identified the cursed ring "Lemismel" {rC- Str+4 Int+5
                  | Dex+4, (Curse: Fragile -Vis)}
 19029 | Vaults:1 | Bought the +2 cloak of Yklennon {Regen+ +Vis} for 411 gold
                  | pieces
 19726 | Vaults:1 | Noticed Donald
 19727 | Vaults:1 | Killed Donald
 19727 | Vaults:1 | Reached skill level 19 in Crossbows
 20779 | D:5      | Bought a scroll of enchantment for 105 gold pieces
 20779 | D:5      | Bought a scroll of bless item for 420 gold pieces
 20779 | D:5      | Bought a scroll of blinking for 105 gold pieces
 20779 | D:5      | Bought a scroll of enchantment for 105 gold pieces
 20779 | D:5      | Bought a scroll of teleportation for 42 gold pieces
 20779 | D:5      | Bought a scroll of teleportation for 42 gold pieces
 20779 | D:5      | Bought a scroll of summoning for 133 gold pieces
 20927 | Vaults:2 | Reached XP level 19. HP: 161/161 MP: 20/20
 20967 | Vaults:2 | Reached skill level 1 in Evocations
 21313 | Vaults:2 | Identified the cursed +11 arbalest of Ryid {molten, MR+,
                  | (Curse: rF-)}
 21362 | Vaults:2 | Noticed Saint Roka
 21365 | Vaults:2 | Killed Saint Roka
 21887 | Vaults:2 | Found a staircase to the Crypt.
 21912 | Vaults:2 | Found Vonut's Magic Scroll Shop.
 22206 | Vaults:3 | Identified the cursed ring "Dynast" {Str+5 Dex+3, (Curse:
                  | Fragile)}
 22208 | Vaults:3 | Identified the cursed ring "Qic Epre" {rN+ Dex+4, (Curse:
                  | Fragile rC-)}
 22212 | Vaults:3 | Reached skill level 20 in Crossbows
 22425 | Vaults:3 | Reached skill level 15 in Dodging
 22546 | Vaults:3 | Reached XP level 20. HP: 170/170 MP: 23/23
 22554 | Vaults:3 | Found a portal to a secret trove of treasure.
 22805 | Vaults:3 | Identified the cursed ring of Sunlight {rC++ MR+ Dex+5,
                  | (Curse: Fragile)}
 22856 | Vaults:3 | Found a runed translucent gate.
 22856 | Vaults:3 | Found a runed translucent gate.
 22856 | Vaults:3 | Found a runed translucent gate.
 22856 | Vaults:3 | Noticed t4s4d4r's ghost (adept DrNo)
 22899 | Vaults:3 | Identified the +6 hatchet of Trial by Ordeal {speed, rElec
                  | rC++ Dex+4}
 22900 | Vaults:3 | Found a roughly hewn altar of Beogh.
 23261 | Vaults:3 | Killed t4s4d4r's ghost
 23310 | Vaults:3 | Identified the +10 scimitar "Gack" {slice, rElec} (You took
                  | it off an orc warlord on level 3 of the Vaults)
 23736 | Vaults:4 | Found Fionore's General Store.
 23744 | Vaults:4 | Bought a potion of cancellation for 112 gold pieces
 23744 | Vaults:4 | Bought a scroll of blinking for 105 gold pieces
 23744 | Vaults:4 | Bought a potion of mutation for 112 gold pieces
 23744 | Vaults:4 | Bought a potion of curing for 42 gold pieces
 23744 | Vaults:4 | Bought a potion of agility for 56 gold pieces
 23935 | Vaults:4 | Found Etsis's Distillery.
 23942 | Vaults:4 | Bought a potion of heal wounds for 65 gold pieces
 23942 | Vaults:4 | Bought 2 potions of mutation for 208 gold pieces
 23942 | Vaults:4 | Bought a potion of cancellation for 104 gold pieces
 23942 | Vaults:4 | Bought a potion of curing for 39 gold pieces
 23942 | Vaults:4 | Bought a potion of agility for 52 gold pieces
 23942 | Vaults:4 | Bought a potion of ambrosia for 104 gold pieces
 23942 | Vaults:4 | Bought a potion of might for 52 gold pieces
 23942 | Vaults:4 | Bought a potion of haste for 130 gold pieces
 23942 | Vaults:4 | Bought a potion of resistance for 130 gold pieces
 23942 | Vaults:4 | Bought 2 potions of might for 104 gold pieces
 23942 | Vaults:4 | Bought 2 potions of heal wounds for 130 gold pieces
 24195 | Vaults:4 | Found Dicuitio's Food Shoppe.
 24221 | Vaults:4 | Reached skill level 21 in Crossbows
 24550 | Vaults:5 | Entered Level 5 of the Vaults
 24579 | Vaults:5 | Reached XP level 21. HP: 180/180 MP: 24/24
 24605 | Vaults:5 | Identified the cursed amulet "Myjeaxess" {Spirit rF+
                  | Stlth+, (Curse: *Drain Fragile)}
 24613 | Vaults:5 | Found the +7 lajatang of Order {silver, rMut}
 25070 | Vaults:5 | Got a silver rune of Zot
 25207 | Vaults:5 | Identified the cursed ring "Sipenuynuo" {Ice *Contam rElec
                  | rPois rN+++, (Curse: *Tele)}
 25405 | Vaults:5 | Noticed a golden dragon
 25407 | Vaults:5 | Reached skill level 22 in Crossbows
 25480 | Vaults:5 | Killed a golden dragon
 26106 | Slime:1  | Entered Level 1 of the Pits of Slime
 26222 | Slime:2  | Reached XP level 22. HP: 154/189 MP: 25/25
 28159 | Slime:4  | Gained mutation: Your spells are a little easier to cast,
                  | but a little less powerful. [a shining eye]
 28230 | Slime:5  | Entered Level 5 of the Pits of Slime
 28327 | Slime:5  | Reached skill level 23 in Crossbows
 28328 | Slime:5  | Noticed the Royal Jelly
 28345 | Slime:5  | Killed the Royal Jelly
 28347 | Slime:5  | Noticed the Royal Jelly
 28356 | Slime:5  | Killed the Royal Jelly
 28356 | Slime:5  | Noticed the Royal Jelly
 30420 | Slime:5  | Killed the Royal Jelly
 30420 | Slime:5  | Noticed the Royal Jelly
 30612 | Slime:5  | Killed the Royal Jelly
 30646 | Slime:5  | Reached XP level 23. HP: 71/198 MP: 26/26
 30809 | Slime:5  | Got a cracked rune of Zot
 32305 | D:8      | Entered Level 8 of the Dungeon
 32326 | D:8      | Noticed Circe
 32327 | D:8      | Killed Circe
 32362 | D:8      | Found a radiant altar of Vehumet.
 32492 | D:8      | Found an ancient bone altar of Kikubaaqudgha.
 32521 | D:8      | Found a snail-covered altar of Cheibriados.
 32581 | D:8      | Noticed Nessos
 32582 | D:8      | Killed Nessos
 32806 | D:8      | Found a staircase to the Depths.
 32881 | Depths:1 | Entered Level 1 of the Depths
 32890 | Depths:1 | Bought a vibrating bronze amulet for 140 gold pieces
 32890 | Depths:1 | Identified the amulet of Immorality {Harm *Drain Stlth+}
                  | (You bought it in a shop on level 1 of the Depths)
 32895 | Depths:1 | Bought a faintly humming troll leather for 680 gold pieces
 32895 | Depths:1 | Identified the +2 troll leather "Zucho" {Regen+ MP+9 Str+2}
                  | (You bought it in a shop on level 1 of the Depths)
 32895 | Depths:1 | Bought fine ice dragon scales for 2210 gold pieces
 32895 | Depths:1 | Identified the +9 ice dragon scales "Soz Rokh" {rF- rC++
                  | rN+ MR+ Dex+3} (You bought it in a shop on level 1 of the
                  | Depths)
 32910 | Depths:1 | Bought the cursed ring "Viugi" {rF+ rC+ rN+ rCorr Int+4,
                  | (Curse: Slay-3)} for 556 gold pieces
 33078 | D:3      | Bought the macabre finger necklace {rN+} for 400 gold
                  | pieces
 33078 | D:3      | Found the macabre finger necklace {rN+}
 33310 | Depths:1 | Found a gateway to Hell.
 34208 | Depths:2 | Reached skill level 24 in Crossbows
 34211 | Depths:2 | Found Gozag's Assorted Antiques.
 34225 | Depths:2 | Found Gozag's Antique Armour Shop.
 34225 | Depths:2 | Found an opulent altar of Gozag.
 34235 | Depths:2 | Found Gozag's Antique Weapon Shop.
 34832 | Depths:2 | Found a large runed translucent door.
 34832 | Depths:2 | Found a large runed translucent door.
 34911 | Depths:2 | Found Bobleej's Gadget Shop.
 34912 | Depths:2 | Found Miysch's Gadget Shop.
 34912 | Depths:2 | Found Vafanios's Jewellery Emporium.
 35132 | Depths:3 | Found a one-way gate to the infinite horrors of the Abyss.
 35182 | Depths:3 | Reached skill level 25 in Crossbows
 35374 | Depths:3 | Noticed Frederick
 35376 | Depths:3 | Killed Frederick
 35376 | Depths:3 | Reached XP level 24. HP: 206/206 MP: 26/26
 35435 | Depths:3 | Identified the cursed amulet of Balance {-Vis rC+ Dex-5
                  | Slay+2, (Curse: Stlth-)}
 35436 | Depths:3 | Identified the cursed +9 scutum of Amelioration {+Blink MR+
                  | rCorr +Vis, (Curse: Fragile)}
 35436 | Depths:3 | Noticed Mennas
 35470 | Depths:3 | Killed Mennas
 35622 | Depths:3 | Found a one-way gate leading to the halls of Pandemonium.
 35697 | Depths:3 | Found a huge runed gate.
 35697 | Depths:3 | Found a huge runed gate.
 35697 | Depths:3 | Found a huge runed gate.
 35697 | Depths:3 | Found a huge runed gate.
 35697 | Depths:3 | Found a huge runed gate.
 35697 | Depths:3 | Found a huge runed gate.
 35697 | Depths:3 | Found a huge runed gate.
 35697 | Depths:3 | Found a huge runed gate.
 35697 | Depths:3 | Found a huge runed gate.
 35697 | Depths:3 | Found a huge runed gate.
 35697 | Depths:3 | Found a huge runed gate.
 35697 | Depths:3 | Found a huge runed gate.
 35697 | Depths:3 | Found a huge runed gate.
 35697 | Depths:3 | Found a huge runed gate.
 35697 | Depths:3 | Found a huge runed gate.
 35697 | Depths:3 | Found a huge runed gate.
 35697 | Depths:3 | Found a huge runed gate.
 35697 | Depths:3 | Found a huge runed gate.
 35697 | Depths:3 | Found a huge runed gate.
 35697 | Depths:3 | Found a huge runed gate.
 35699 | Depths:3 | Identified the cursed amulet "Cidieguq" {Acrobat *Drain
                  | rPois Stlth+, (Curse: Fragile rC- MR-)}
 35737 | Depths:4 | Found a corrupted altar of Lugonu.
 35745 | Depths:4 | Reached skill level 26 in Crossbows
 35986 | Depths:4 | Found a gateway to a ziggurat.
 36119 | Depths:4 | Identified the cursed amulet of Sozuakim {Faith rF+ rN+
                  | MR+, (Curse: Fragile)}
 36124 | Depths:4 | Identified the cursed amulet "Ynec" {rF- MR++ Regen+ Int+7,
                  | (Curse: Fragile)}
 36408 | Depths:4 | Reached skill level 27 in Crossbows
 36675 | Depths:5 | Entered Level 5 of the Depths
 36678 | Depths:5 | Identified the cursed ring of Nebyj {rF+ MR++ Str+3 Int+5
                  | Dex-5, (Curse: Fragile)}
 37040 | Depths:5 | Found a gate to the Realm of Zot.
 37112 | Depths:5 | Found a shimmering altar of Xom.
 37113 | Depths:5 | Found a bloodstained altar of Trog.
 37113 | Depths:5 | Found an ornate altar of Bahamut and Tiamat.
 37329 | Depths:5 | Reached XP level 25. HP: 110/213 MP: 26/26
 37588 | Depths:5 | Identified the +2 helmet "Tygaam" {rPois Str+2 Dex+2
                  | Stlth+}
 37768 | Depths:5 | Gained mutation: Your body sometimes deteriorates upon
                  | taking damage. [potion of mutation]
 37768 | Depths:5 | Gained mutation: You are somewhat resistant to further
                  | mutation. [potion of mutation]
 37769 | Depths:5 | Gained mutation: Your mind is acute. (Int +2) [potion of
                  | mutation]
 37770 | Depths:5 | Gained mutation: You are cold resistant. (rC+) [potion of
                  | mutation]
 37772 | Depths:5 | Gained mutation: You are weak. (Str -2) [potion of
                  | mutation]
 37773 | Depths:5 | Gained mutation: You are partially covered in rugged brown
                  | scales. (AC +1, +3% HP) [potion of mutation]
 37775 | Depths:5 | Gained mutation: Your spells are easier to cast, but less
                  | powerful. [potion of mutation]
 37778 | Depths:5 | Gained mutation: You are occasionally teleported next to
                  | monsters. [potion of mutation]
 37779 | Depths:5 | Lost mutation: Your spells are easier to cast, but less
                  | powerful. [potion of mutation]
 38054 | Zot:1    | Entered Level 1 of the Realm of Zot
 38203 | Zot:1    | Noticed an orb of fire
 38204 | Zot:1    | Lost mutation: Your mind is acute. (Int +2) [an orb of
                  | fire]
 38206 | Zot:1    | Killed an orb of fire
 38252 | Zot:1    | Identified the cursed ring "Jioluadurph" {+Inv Int+5
                  | Slay+2, (Curse: Fragile)}
 38341 | Zot:1    | Identified the cursed ring "Heenouvu" {rElec rC+ Int+5,
                  | (Curse: Fragile)}
 38772 | Zot:1    | Reached XP level 26. HP: 231/231 MP: 26/26
 39111 | Zot:2    | Identified the cursed ring of Vuit {Wiz rPois Dex+3 Slay+3,
                  | (Curse: Fragile MR-)}
 39111 | Zot:2    | Noticed a Killer Klown
 39113 | Zot:2    | Killed a Killer Klown
 39138 | Zot:2    | Reached skill level 15 in Unarmed Combat
 39796 | Zot:2    | Noticed an orb of fire
 39799 | Zot:2    | Killed an orb of fire
 40006 | Zot:3    | Reached skill level 10 in Armour
 40018 | Zot:3    | Noticed an orb of fire
 40023 | Zot:3    | Killed an orb of fire
 40207 | Zot:3    | Identified the +8 hunting sling "Zorustru" {freeze, +Inv
                  | Str+4 Dex-2}
 40344 | Zot:3    | Noticed an orb of fire
 40347 | Zot:3    | Killed an orb of fire
 40601 | Zot:3    | Noticed an orb of fire
 40605 | Zot:3    | Killed an orb of fire
 40605 | Zot:3    | Reached XP level 27. HP: 213/240 MP: 26/26
 41219 | Zot:4    | Noticed an orb of fire
 41239 | Zot:4    | Killed an orb of fire
 41803 | Zot:5    | Entered Level 5 of the Realm of Zot
 41904 | Zot:5    | Found a sacrificial altar of Ru.
 42080 | Zot:5    | Noticed a Killer Klown
 42080 | Zot:5    | Noticed an orb of fire
 42080 | Zot:5    | Noticed a Killer Klown
 42080 | Zot:5    | Noticed an orb of fire
 42083 | Zot:5    | Noticed an ancient lich
 42092 | Zot:5    | Gained mutation: Your magical capacity is low. (-10% MP)
                  | [an orb of fire]
 42106 | Zot:5    | Noticed an ancient lich
 42114 | Zot:5    | Noticed an orb of fire
 42299 | Zot:5    | Killed an ancient lich
 42302 | Zot:5    | Killed an orb of fire
 42318 | Zot:5    | Killed an orb of fire
 42329 | Zot:5    | Killed an ancient lich
 42332 | Zot:5    | Killed a Killer Klown
 42335 | Zot:5    | Killed an orb of fire
 42426 | Zot:5    | Noticed a Killer Klown
 42429 | Zot:5    | Killed a Killer Klown
 42431 | Zot:5    | Noticed a Killer Klown
 42434 | Zot:5    | Killed a Killer Klown
 42565 | Zot:5    | Noticed a Killer Klown
 42565 | Zot:5    | Noticed a Killer Klown
 42579 | Zot:5    | Killed a Killer Klown
 42753 | Zot:5    | Killed a Killer Klown
 42782 | Zot:5    | Noticed a Killer Klown
 42783 | Zot:5    | Killed a Killer Klown
 42845 | Zot:5    | Killed a Killer Klown
 43373 | Zot:5    | Got the Orb of Zot
 43529 | Zot:1    | Noticed Leytwiot the pandemonium lord
 43530 | Zot:1    | Killed Leytwiot the pandemonium lord
 44060 | D:$      | Escaped with the Orb!

Levels and vault maps discovered:
D:1:      dpeg_arrival_tiny_d, layout_basic, first_ration
D:2:      layout_sewer, serial_glass, glass_columns_c, glass_columns_a,
          glass_columns_a, glass_columns_a, item_on_display_merged,
          feat_on_display, uniq_sigmund, uniq_purgy, uniq_menkaure
D:3:      layout_basic, chequers_temple_overflow_minitemple, serial_shops,
          kennysheep_mini, chequers_hall_statues_wall_a, grunt_ogre_cave
D:4:      layout_grid_maze, minmay_temple_entry_mist
D:5:      layout_loops_ring, erik_lair_island, serial_shops,
          nicolae_shop_crystal, shop, shop, nicolae_shop_window_shopping,
          shop_fountains, gup_ossuary_entry_pyramid, uniq_pikel, uniq_harold,
          uniq_nergalle
D:6:      minmay_ossuary_gauntlet, layout_irregular_city, david_orc_5,
          minmay_shop_chei
D:7:      layout_irregular_city, grunt_vaults_entry_fortified, uniq_sonja
D:8:      gammafunk_enter_depths_forms, layout_cave_pools,
          overflow_temple_1_default, serial_column_ruins,
          column_ruins_temple_circle, column_ruins_square_small,
          column_ruins_open_small, column_ruins_open_tiny, column_ruins_grid_1,
          bcadren_lemuel_inverted_doored_altar, uniq_nessos, uniq_circe
Temple:   kb_temple_of_zot
Lair:1:   beast_lair_carwin_large_4, layout_gridlike,
          chequers_serial_rivers_micro_d, lemuel_oklob_altar
Lair:2:   mu_elephants_graveyard, layout_gridlike,
          nicolae_swamp_entry_splash_gauntlet, spider_nest_entry_web_field,
          ebering_ghost_reflecting_pool, minmay_stone_trees_small, uniq_maggie
Lair:3:   layout_gridlike, gammafunk_ghost_arena, grunt_megastairs_5
Lair:4:   layout_hall_layers, grunt_forest_large_clearings
Lair:5:   pond_and_an_island_with_a_cottage, layout_concentric_octagons,
          gammafunk_ghost_wrathful_warriors, nicolae_quartered_pool_medium,
          grunt_forest_stairs_basic, serial_bayou_shore_a
Lair:6:   hangedman_lair_caniforms_friends, layout_gridlike, slime_island,
          kennysheep_rathole
Swamp:1:  layout_basic_swamp, nicolae_swamp_trees_clearing
Swamp:2:  layout_basic_swamp, evilmike_swamp_ruin_house_4
Swamp:3:  layout_falls_marsh, evilmike_swamp_ruin_house_2, uniq_nikola
Swamp:4:  swamp, layout_basic_swamp, swamp_pool2
Spider:1: layout_spider_delve, minivault_29, hangedman_spider_tarantella_strand
Spider:2: layout_spider_delve, uniq_frances
Spider:3: layout_spider_delve, uniq_arachne, uniq_louise
Spider:4: spider_rune_water, nicolae_spider_nook
Slime:1:  layout_caves
Slime:2:  layout_caves
Slime:3:  layout_caves
Slime:4:  layout_regular_city
Slime:5
Vaults:1: nicolae_vaults_puzzle_piece, nicolae_vaults_big_ls,
          ontoclasm_vaults_shuriken, dpeg_vaults_pockets_of_resistance,
          vaults_room_stairs_pillars, vaults_room_grunt_arrival_ludios,
          layout_vaults_quadrants, serial_shops, shop, uniq_donald
Vaults:2: nicolae_vaults_yaktaur_gun_rack, nicolae_vaults_little_squares_5,
          minmay_crypt_entry_simple_corners, nicolae_vaults_network_star,
          nicolae_vaults_hallways_thing, nicolae_vaults_little_squares_2,
          hangedman_vaults_snaps, layout_vaults_big_cross, serial_shops, shop,
          uniq_saint_roka
Vaults:3: biasface_vaults_ghost_orc_armoury, nicolae_vaults_little_ls,
          ontoclasm_vaults_loading_screen, v_rooms_6, v_misc_33,
          grunt_vaults_swirl, hangedman_vaults_nodes, hangedman_vaults_slice,
          grunt_vaults_hallway_short, nicolae_vaults_little_squares_4,
          v_pattern_2, ontoclasm_vaults_twist, vaults_mumra_lcd,
          ontoclasm_vaults_fault, grunt_vaults_diagonal, layout_vaults_omnibox,
          enter_trove_2
Vaults:4: v_misc_15, v_misc_13, v_pattern_5, nicolae_vaults_border_crossing,
          layout_vaults_chaotic_city, serial_shops, nicolae_shop_statue_plus,
          nicolae_shop_trees, nicolae_shop_stone, uniq_margery
Vaults:5: serial_shops
Depths:1: layout_cross, hell_entry
Depths:2: kennysheep_gozag_temple, layout_twisted_cavern, grunt_mini_vestibule,
          nrook_campfire, serial_bayou_shore_b, erik_temple, minmay_shop_grove
Depths:3: minmay_slanted_spiral_squares, layout_cave_shapes, hell_entry,
          abyss_entry, minmay_misc_feat_four_crosses,
          grunt_pan_entry_in_and_out, reverse_door_vault,
          minmay_staircase_statues_hall_small, uniq_frederick, uniq_mennas
Depths:4: evilmike_diamond_1, layout_cave_pools, enter_ziggurat_d,
          chequers_decorated_corner, abyss_entry_flame_altar, hell_entry,
          infiniplex_staircase_door_maze
Depths:5: hangedman_slaughterboxes, pan_entry, hell_entry
Zot:1:    layout_cathedral_of_symmetry
Zot:2:    layout_gridlike
Zot:3:    layout_concentric_octagons, hangedman_zot_gyre, st_stairs_3
Zot:4:    layout_gridlike
Zot:5:    layout_cathedral_of_symmetry, basic_altar

Skill      XL: |  1  2  3  4  5  6  7  8  9 10 11 12 13 14 15 16 17 18 19 20 21 22 23 24 25 26 27 |
---------------+----------------------------------------------------------------------------------+-----
Crossbows      | 1 2 3 4 6 9 10 11 13 14 15 16 18 19 20 21 22 23 25 27 | 27.0
Unarmed Combat | 1 2 3 4 5 8 9 10 11 12 14 16 18 | 18.3
Dodging        | 1 2 3 4 6 7 8 9 10 11 12 13 14 15 16 17 18 19 20 | 20.4
Fighting       | 2 3 4 5 8 9 10 11 12 13 14 15 16 18 19 20 21 22 23 25 | 25.1
Armour         | 1 2 3 5 6 8 10 12 | 12.8
Evocations     | 4 |  4.0
Stealth        | |  0.4
Spellcasting   | |  1.0

Action                   |  1- 3 |  4- 6 |  7- 9 | 10-12 | 13-15 | 16-18 | 19-21 | 22-24 | 25-27 || total
-------------------------+-------+-------+-------+-------+-------+-------+-------+-------+-------++-------
Melee: Unarmed           |    20 |    69 |   140 |    55 |    82 |   174 |   117 |   217 |    54 ||   928
       Kick              |     1 |     9 |    13 |     5 |    12 |    38 |    24 |    53 |    16 ||   171
 Fire: Triple crossbow   |    43 |    13 |    97 |   140 |   481 |   407 |   408 |   678 |   428 ||  2695
Invok: Call Merchant     |       |       |       |       |       |       |       |     5 |       ||     5
       Potion Petition   |       |       |       |       |       |       |       |       |     6 ||     6
  Use: Scroll            |     2 |       |       |     1 |     5 |     4 |     6 |     3 |    12 ||    33
       Potion            |       |       |     1 |     1 |     3 |       |       |     4 |    18 ||    27
 Stab: Distracted        |       |       |       |       |     2 |     3 |       |       |       ||     5
  Eat: Chunk             |       |       |     7 |       |       |       |       |       |       ||     7
       Ration            |       |       |       |     2 |     6 |     5 |     4 |     9 |     5 ||    31
Armor: Steam dragon scal |    29 |    12 |    23 |    12 |    10 |       |       |       |       ||    86
       Scale mail        |       |       |       |       |    34 |    86 |    82 |   151 |       ||   353
       Ice dragon scales |       |       |       |       |       |       |       |    27 |   134 ||   161
Dodge: Dodged            |    16 |     7 |    11 |    11 |    43 |    50 |    62 |   210 |   150 ||   560
